 Dungeon Crawl Stone Soup version 0.31.0-32-g396128a36d (webtiles) character file.

Game seed: 5723574173925405025

132843 Peloso the Hoplite (level 16, -5/147 HPs)
             Began as a Minotaur Fighter on Apr 18, 2024.
             Was the Champion of Okawaru.
             Slain by a guardian serpent (16 damage)
             ... in the Desolation of Salt.
             The game lasted 01:39:40 (36650 turns).

Peloso the Hoplite (Minotaur Fighter)              Turns: 36650, Time: 01:39:40

Health: -5/147     AC: 25    Str: 23    XL:     16   Next: 58%
Magic:  7/7        EV: 12    Int:  4    God:    Okawaru [******]
Gold:   2406       SH: 24    Dex: 16    Spells: 15/15 levels left

rFire   + . .        a - +4 long sword "Ytreycur" {vamp, rElec rPois MP-9 Int-3}
rCold   + . .        d - +1 tower shield
rNeg    . . .        r - +1 chain mail {rF+}
rPois   +            m - +3 crown of Dyrovepreva {rElec Int+2 SInv}
rElec   +            Y - +1 cloak
rCorr   .            N - +0 pair of gloves
SInv    +            O - +2 pair of boots {Stlth+}
Will    +....        P - amulet of regeneration Stlth
                     L - +4 ring of slaying
HPRegen 1.24/turn    D - ring of protection from cold
MPRegen 0.10/turn

%: no passive effects
@: mighty, lethally poisoned (-5 -> -6), hasted, very quick
A: horns 2, retaliatory headbutt, fangs 1
a: Renounce Religion, Heroism, Finesse, Duel, Receive Weapon, Receive Armour


You were in the Desolation of Salt.
You worshipped Okawaru.
Okawaru was exalted by your worship.
You visited 6 branches of the dungeon, and saw 26 of its levels.
You also visited: Volcano and Desolation.

You collected 3104 gold pieces.
You spent 698 gold pieces at shops.

Inventory:

Hand Weapons
 a - the +4 long sword "Ytreycur" (weapon) {vamp, rElec rPois MP-9 Int-3}
   (You found it on level 7 of the Dungeon)

   Int-3:     It affects your intelligence (-3).
   rElec:     It insulates you from electricity.
   rPois:     It protects you from poison MP-9: It affects your magic capacity
   (-9).
 b - a +3 scimitar of flaming
 c - a +0 long sword
Armour
 d - a +1 tower shield (worn)
 m - the +3 crown of Dyrovepreva (worn) {rElec Int+2 SInv}
   (You found it on level 12 of the Dungeon)

   Int+2:     It affects your intelligence (+2).
   rElec:     It insulates you from electricity.
   SInv:      It lets you see invisible.
 r - a +1 chain mail of fire resistance (worn)
 N - a +0 pair of gloves (worn)
 O - a +2 pair of boots of stealth (worn)
 V - +0 swamp dragon scales
 Y - a +1 cloak (worn)
Jewellery
 f - a ring of positive energy
 n - a ring of magical power
 o - a ring of poison resistance
 u - a ring of resist corrosion
 v - the amulet of Xyidwuc {Faith rPois rN+}
   (You found it on level 4 of the Dungeon)

   [amulet of faith]

   Faith:     It allows you to gain divine favour quickly.
   rPois:     It protects you from poison rN+: It protects you from negative
   energy.
 D - a ring of protection from cold (right hand)
 L - a +4 ring of slaying (left hand)
 P - an amulet of regeneration (around neck)
Wands
 h - a wand of flame (3)
 k - a wand of polymorph (5)
 y - a wand of digging (8)
 F - a wand of iceblast (3)
 R - a wand of paralysis (1)
 U - a wand of mindburst (23)
Scrolls
 e - a scroll of poison
 g - 6 scrolls of revelation
 i - 3 scrolls of fear
 t - a scroll of blinking
 x - 10 scrolls of identify
Potions
 s - a potion of haste
 w - 2 potions of enlightenment
 G - 2 potions of invisibility
 S - 3 potions of resistance


   Skills:
 + Level 14.8 Fighting
 + Level 1.1(10.2) Short Blades
 + Level 16.8(16.9) Long Blades
 + Level 14.6 Armour
 + Level 7.7 Dodging
 + Level 1.6 Stealth
 + Level 23.0 Shields
 + Level 1.9 Invocations
 + Level 1.6 Evocations


You had 15 spell levels left.
You didn't know any spells.
Your spell library contained the following spells:

 Spells                   Type           Power      Damage    Failure   Level
 Apportation              Tloc           0%         N/A       96%         1
 Freeze                   Ice            0%         1d3       96%         1
 Magic Dart               Conj           0%         1d3       96%         1
 Necrotise                Necr           0%         1d4       96%         1
 Sting                    Conj/Alch      0%         1d3       96%         1
 Blink                    Tloc           0%         N/A       99%         2
 Sublimation of Blood     Necr           0%         N/A       99%         2
 Dazzling Flash           Conj/Hex       0%         N/A       100%        3
 Hailstorm                Conj/Ice       0%         3d5       100%        3
 Inner Flame              Hex/Fire       0%         N/A       100%        3
 Sigil of Binding         Hex            0%         N/A       100%        3
 Stone Arrow              Conj/Erth      0%         3d7       100%        3
 Volatile Blastmotes      Fire/Tloc      0%         2d10      100%        3
 Anguish                  Hex/Necr       0%         N/A       100%        4
 Cause Fear               Hex            0%         N/A       100%        4
 Dimensional Bullseye     Hex/Tloc       0%         N/A       100%        4
 Ignite Poison            Fire/Alch      0%         N/A       100%        4
 Yara's Violent Unravell  Hex/Alch       0%         3d3       100%        5
 Starburst                Conj/Fire      0%         6d3       100%        6
 Enfeeble                 Hex            0%         N/A       100%        7
 Lehudib's Crystal Spear  Conj/Erth      0%         10d2      100%        8
 Maxwell's Capacitive Co  Air            0%         ∞         100%        8
 Summon Small Mammal      Summ           Unusable   N/A       N/A         1
 Call Imp                 Summ           Unusable   N/A       N/A         2
 Call Canine Familiar     Summ           Unusable   N/A       N/A         3
 Summon Ice Beast         Ice/Summ       Unusable   N/A       N/A         3
 Animate Armour           Summ/Erth      Unusable   N/A       N/A         4
 Summon Blazeheart Golem  Fire/Summ      Unusable   N/A       N/A         4
 Summon Forest            Summ/Tloc      Unusable   N/A       N/A         5
 Sculpt Simulacrum        Ice/Alch       Unusable   N/A       N/A         6
 Summon Hydra             Summ           Unusable   N/A       N/A         7

Dungeon Overview and Level Annotations

Branches:
Dungeon (15/15)            Temple (1/1) D:6            Lair (5/5) D:11
 Shoals (0/4) Lair:2       Spider (2/4) Lair:2        Slime (0/5) Lair:4
    Orc (2/2) D:9             Elf (1/3) Orc:2        Vaults (0/5) D:14
 Depths (0/4) D:15        Volcano (visited)         Desolation (1/1)

Altars:
Ashenzari
Cheibriados
Dithmenos
Elyvilon
Fedhas
Gozag
Hepliaklqana
Kikubaaqudgha
Makhleb
Nemelex Xobeh
Okawaru
Qazlal
Ru
Sif Muna
Trog
Uskayaw
Vehumet
Wu Jian
Xom
Yredelemnul
Zin
The Shining One
Jiyva

Shops:
D:4 ?([:   D:9 (!   D:11 [   D:15 *   Orc:2 [[(=

Annotations:
Lair:5 Casa
Spider:2 1 runed translucent door, Volasum's ghost, journeyman MiBe


Innate Abilities, Weirdness & Mutations

You have a pair of horns on your head.
You reflexively headbutt those who attack you in melee.
You have very sharp teeth.


Message History

You block the saltling's attack.
The saltling hits you but does no damage.
The saltling hits you!
The saltling hits you but does no damage.
You feel sick.
You block the guardian serpent's attack.
You block the saltling's attack.
The ragged hierophant casts a spell.
The ragged hierophant begins to accept its allies' injuries.
The saltling closely misses you. You furiously retaliate!
You headbutt the saltling! You slash the guardian serpent!
You headbutt the guardian serpent!
The guardian serpent is moderately wounded.
You feel sick. You block the saltling's attack.
The servant of whispers mumbles some strange prayers to its god against you.
The bolt of lightning hits you! You resist.
* * * LOW HITPOINT WARNING * * *
The guardian serpent casts a spell at you.
The molten gargoyle blinks!
The ragged hierophant blinks!
You hear a shout! x3; You hear a roar!
You hear a shout! x2
You slash the guardian serpent!
You feel better.
The guardian serpent is moderately wounded.
You feel sick. The saltling misses you. You block the saltling's attack. x3
You block the guardian serpent's attack.
The ragged hierophant points at you and mumbles some strange words.
A blast of power from the earth and the adjacent constructs strikes you!
* * * LOW HITPOINT WARNING * * *
The servant of whispers hits you but does no damage.
The molten gargoyle hits you with a +0 mace.
* * * LOW HITPOINT WARNING * * *
You are engulfed in flames.
You resist.
* * * LOW HITPOINT WARNING * * *
You slash the guardian serpent!
Your headbutt misses the guardian serpent.
Your bite misses the guardian serpent.
The guardian serpent is heavily wounded.
You feel sick.
The saltling hits you but does no damage.
The guardian serpent hits you!
You die...

....... ......
....... #......
...........#........
....................
a.................#
..................
.......aS9....... .
......9@9#......
........a99.......
.........9........
####################
####################
####################
####################
####################
####################


You could see a ragged hierophant, a servant of whispers (stilling wind,
sheltered), a guardian serpent (sheltered), 2 molten gargoyles and 4 saltlings.

Vanquished Creatures
  A lich (D:12)
  A sphinx (D:12)
  The ghost of cfcfcfcfcf the Stormcaller, an adept TeAE of Vehumet (D:15)
  An imperial myrmidon (Desolation)
  A broodmother (Spider:2)
  A stone giant (D:15)
  The ghost of seehj the Covert, a journeyman DsAl of Yredelemnul (D:12)
  2 spark wasps (Spider:1)
  A fire dragon (Lair:5)
  4 ragged hierophants (Desolation)
  An ice dragon (Lair:5)
  An entropy weaver (Spider:1)
  7 hydras
  The ghost of Mique the Fighter, a novice MiBe of Trog (D:9)
  6 boulder beetles
  2 centaur warriors
  5 two-headed ogres
  2 radroaches
  A catoblepas (Lair:5)
  A deep troll earth mage (D:12)
  3 tengu warriors
  3 orc high priests (Orc:2)
  A hell knight (Volcano)
  The ghost of unrecovered the Grappler, a novice DrFi of Cheibriados (D:8)
  4 skysharks
  2 skeletal warriors (D:12)
  A pharaoh ant (Spider:1)
  A deep troll (D:9)
  An orb spider (Spider:2)
  An ironbound convoker (Desolation)
  A swamp dragon (Lair:5)
  5 steelbarb worms
  An arcanist (D:12)
  2 lindwurms (Lair:5)
  The ghost of SomethingFishy the Grappler, a novice TrSh (D:7)
  2 necromancers
  Pikel (D:9)
  6 deep elf pyromancers
  8 orc knights
  4 orc sorcerers (Orc:2)
  9 wolf spiders
  A moth of wrath (D:9)
  10 cyclopes
  11 ugly things
  A manticore (D:14)
  2 salamanders (Volcano)
  2 molten gargoyles (Volcano)
  5 elephants (Lair:4)
  4 kobold blastminers
  6 torpor snails
  2 guardian serpents (Desolation)
  5 black mambas
  A cane toad (shapeshifter) (D:14)
  Maggie (D:9)
  12 cane toads
  7 gargoyles
  Jeremiah (D:8)
  2 rime drakes (Lair:5)
  8 komodo dragons
  An unseen horror (D:12)
  4 kobold demonologists
  2 efreet
  3 tengu conjurers
  Psyche (D:8)
  8 hornets (Lair:5)
  7 trolls
  Grinder (D:3)
  4 polar bears
  17 tarantellas
  3 tyrant leeches (Lair:5)
  18 saltlings (Desolation)
  A wolf spider simulacrum (D:12)
  12 blink frogs
  11 slime creatures
  A snapping turtle (Lair:2)
  18 jumping spiders
  15 culicivoras
  A vampire (D:11)
  A wraith (D:12)
  A fire elemental (D:9)
  51 yaks
  A centaur simulacrum (D:14)
  5 shadows (D:8)
  A water elemental (Lair:1)
  2 basilisks
  7 fire bats
  3 wargs
  7 wyverns
  45 redbacks
  5 steam dragons
  4 acid dragons
  A hell hound (D:9)
  15 water moccasins
  Pargi (D:3)
  4 sky beasts
  17 orc warriors
  3 black bears
  2 swamp drakes (Lair:5)
  14 wolves
  6 ogres
  7 centaurs
  A lemure (D:9)
  A phantom (D:7)
  3 kobold brigands
  21 bullfrogs
  3 gnoll sergeants
  3 scorpions
  6 wights (D:8)
  14 killer bees
  An electric eel (Lair:2)
  9 jellies
  5 howler monkeys
  4 hounds
  19 orc priests
  2 bombardier beetles
  A gnoll bouda (D:10)
  2 sleepcaps
  6 iguanas
  Terence (D:3)
  28 orc wizards
  5 hell rats (Lair:3)
  6 adders
  24 gnolls
  A shadow imp (D:4)
  3 white imps
  4 ufetubi
  6 dart slugs
  A ribbon worm (D:3)
  63 orcs
  11 ball pythons
  13 endoplasms
  5 giant cockroaches
  13 goblins
  10 hobgoblins
  2 quokkas (D:4)
  2 bats
  3 frilled lizards
  11 kobolds
  8 rats
832 creatures vanquished.

Vanquished Creatures (others)
  The ghost of Waecyras the Immaculate, an adept KoGl of Zin (D:15)
  The ghost of MuffinSoup the Devastator, a journeyman OpHW of Vehumet (D:15)
  3 ball lightnings (D:15)
5 creatures vanquished.

Grand Total: 837 creatures vanquished

Notes
Turn   | Place    | Note
-------+----------+-------------------------------------------
     0 | D:1      | Peloso the Minotaur Fighter began the quest for the Orb.
     0 | D:1      | Reached XP level 1. HP: 19/19 MP: 0/0
   145 | D:1      | Reached XP level 2. HP: 26/27 MP: 1/1
   148 | D:1      | Found a faded altar of an unknown god.
   328 | D:1      | Reached skill level 4 in Shields
   540 | D:1      | Reached XP level 3. HP: 26/33 MP: 2/2
  1100 | D:2      | You fall into a shaft and drop 1 floor!
  1330 | D:3      | Noticed Terence
  1368 | D:2      | Reached XP level 4. HP: 40/40 MP: 3/3
  1723 | D:3      | Noticed Grinder
  1862 | D:3      | Killed Terence
  1946 | D:4      | Reached skill level 5 in Shields
  1946 | D:4      | Reached XP level 5. HP: 42/47 MP: 4/4
  1946 | D:4      | Found Zeavvat's Antique Armour Boutique.
  1988 | D:4      | Found Qinesi's Book Shoppe.
  2228 | D:4      | Reached skill level 1 in Dodging
  2234 | D:4      | Identified the amulet of Xyidwuc {Faith rPois rN+}
  2351 | D:4      | Found a glowing silver altar of Zin.
  2351 | D:4      | Found a radiant altar of Vehumet.
  2351 | D:4      | Found a white marble altar of Elyvilon.
  2375 | D:4      | Reached XP level 6. HP: 50/55 MP: 5/5
  2706 | D:4      | Found Magg's Magic Scroll Boutique.
  2713 | D:4      | Bought a scroll of noise for 12 gold pieces
  2713 | D:4      | Bought a scroll of identify for 24 gold pieces
  2812 | D:4      | Found a stormy altar of Qazlal.
  2820 | D:4      | Reached skill level 5 in Fighting
  2820 | D:4      | Reached skill level 5 in Long Blades
  2934 | D:4      | Found Hucol's Weapon Emporium.
  3069 | D:5      | Entered Level 5 of the Dungeon
  3172 | D:5      | Reached skill level 5 in Armour
  3172 | D:5      | Reached skill level 6 in Shields
  3172 | D:5      | Reached XP level 7. HP: 55/61 MP: 6/6
  3533 | D:5      | Found an ancient bone altar of Kikubaaqudgha.
  4111 | D:5      | Got Deren's Vellum of the Fiery Deep Freeze
  4626 | D:3      | Paralysed by Grinder for 2 turns
  4667 | D:3      | Killed Grinder
  4668 | D:3      | Reached skill level 7 in Shields
  4668 | D:3      | Reached XP level 8. HP: 61/70 MP: 7/7
  4737 | D:3      | Noticed Pargi
  4759 | D:3      | Killed Pargi
  5072 | D:6      | Found an opulent altar of Gozag.
  5308 | D:6      | Reached skill level 8 in Shields
  5403 | D:6      | Identified the +1 robe of Jianij {Int+4 Archmagi}
  5431 | D:6      | Found a staircase to the Ecumenical Temple.
  5471 | Temple   | Entered the Ecumenical Temple
  6402 | D:7      | Noticed a troll
  6403 | D:7      | Found a transporter.
  6413 | D:7      | Noticed a cyclops
  6414 | D:7      | Found a blossoming altar of Fedhas.
  6414 | D:7      | Found a transporter.
  6637 | D:7      | Found a runed translucent door.
  6639 | D:7      | Noticed a red ugly thing
  6639 | D:7      | Noticed a cyclops
  6639 | D:7      | Noticed a gargoyle
  6680 | D:7      | Noticed a troll
  6685 | D:7      | HP: 3/105 [gargoyle/stone arrow (26)]
  6687 | D:7      | Killed a gargoyle
  6688 | D:7      | Reached skill level 9 in Shields
  6688 | D:7      | Reached XP level 9. HP: 4/78 MP: 8/8
  6695 | D:7      | Found a runed translucent door.
  6912 | D:7      | Noticed SomethingFishy's ghost (novice TrSh)
  6932 | D:7      | Identified the +3 ring mail "Wijuso" {Str+7}
  6942 | D:8      | Found an iron altar of Okawaru.
  7224 | D:8      | Noticed Psyche
  7276 | D:7      | Noticed a gargoyle
  7291 | D:8      | Killed Psyche
  7394 | D:8      | Reached skill level 10 in Shields
  7468 | D:8      | Became a worshipper of Warmaster Okawaru
  7671 | D:8      | Found a shimmering blue altar of Sif Muna.
  7718 | D:8      | Found a broken altar of Ashenzari.
  7801 | D:8      | Reached * piety under Okawaru
  7853 | D:8      | Found a runed translucent gate.
  7853 | D:8      | Found a runed translucent gate.
  7853 | D:8      | Found a runed translucent gate.
  7858 | D:8      | Noticed unrecovered's ghost (novice DrFi)
  7862 | D:8      | Noticed Jeremiah
  7879 | D:8      | Killed Jeremiah
  7880 | D:8      | Reached skill level 11 in Shields
  7880 | D:8      | Reached XP level 10. HP: 54/80 MP: 9/9
  8681 | D:9      | Found a transporter.
  8691 | D:9      | Reached ** piety under Okawaru
  8692 | D:9      | Noticed a moth of wrath
  9018 | D:9      | Noticed a two-headed ogre
  9018 | D:9      | Noticed a deep troll
  9019 | D:9      | Found a transporter.
  9037 | D:9      | Noticed Mique's ghost (novice MiBe)
  9072 | D:9      | Noticed a two-headed ogre
  9090 | D:9      | Noticed Pikel
  9122 | D:9      | Killed Pikel
  9279 | D:9      | Found a bloodstained altar of Trog.
  9285 | D:9      | Noticed Maggie
  9316 | D:9      | Killed Maggie
  9410 | D:9      | Found Ovyum's Weapon Emporium.
  9410 | D:9      | Found a staircase to the Orcish Mines.
  9657 | D:8      | Reached skill level 12 in Shields
  9871 | D:8      | Reached skill level 10 in Long Blades
 10151 | D:9      | Found a transporter.
 10218 | D:9      | Found a transporter.
 10259 | D:9      | Found Mupient's Distillery.
 10292 | D:9      | Reached *** piety under Okawaru
 10305 | D:9      | Bought a potion of mutation for 96 gold pieces
 10305 | D:9      | Bought 2 potions of degeneration for 24 gold pieces
 10565 | D:10     | Entered Level 10 of the Dungeon
 11390 | D:10     | Reached XP level 11. HP: 92/94 MP: 7/10
 11755 | D:10     | Reached skill level 13 in Shields
 11769 | D:10     | Reached **** piety under Okawaru
 12125 | D:10     | Found a hazy altar of Hepliaklqana.
 12320 | D:11     | Noticed a two-headed ogre
 12329 | D:11     | Killed a two-headed ogre
 12421 | D:11     | Found Awie's Armour Emporium.
 12441 | D:11     | Reached skill level 10 in Armour
 12549 | D:11     | Noticed a two-headed ogre
 12559 | D:11     | Killed a two-headed ogre
 12559 | D:11     | Reached ***** piety under Okawaru
 12921 | D:10     | Noticed a red ugly thing
 12936 | D:10     | Killed a red ugly thing
 12937 | D:10     | Noticed an orc knight
 13098 | D:11     | Found a staircase to the Lair.
 13662 | D:4      | Bought a scroll of enchant weapon for 90 gold pieces
 13662 | D:4      | Bought a scroll of fear for 48 gold pieces
 13993 | D:6      | Reached skill level 14 in Shields
 14118 | D:7      | Killed a red ugly thing
 15235 | Lair:1   | Entered Level 1 of the Lair of Beasts
 15320 | D:11     | Reached XP level 12. HP: 86/104 MP: 8/11
 15333 | D:11     | Received a gift from Okawaru
 15523 | Lair:1   | You fall into a shaft and drop 1 floor!
 16236 | Lair:1   | Reached skill level 15 in Shields
 16790 | Lair:2   | Noticed a four-headed hydra
 16842 | Lair:2   | Received a gift from Okawaru
 17079 | Lair:2   | Found a staircase to the Shoals.
 17203 | Lair:2   | Killed a four-headed hydra
 17204 | Lair:2   | Reached skill level 10 in Fighting
 17245 | Lair:2   | Found a hole to the Spider Nest.
 18169 | D:7      | Identified the +4 long sword "Ytreycur" {vamp, rElec rPois
                  | MP-9 Int-3}
 18277 | D:7      | Killed SomethingFishy's ghost
 18278 | D:7      | Reached skill level 16 in Shields
 18562 | Lair:3   | Received a gift from Okawaru
 18575 | Lair:3   | Noticed an eight-headed hydra
 18603 | Lair:3   | Killed an eight-headed hydra
 18604 | Lair:3   | Reached skill level 1 in Invocations
 18610 | Lair:3   | Reached XP level 13. HP: 68/113 MP: 1/12
 18665 | Lair:3   | Found a dark tunnel.
 18704 | Volcano  | Entered a volcano
 18727 | Volcano  | Reached skill level 1 in Short Blades
 19159 | Volcano  | Noticed an orb of fire
 19162 | Volcano  | Noticed an orb of fire
 19438 | Lair:3   | Reached skill level 17 in Shields
 20473 | Lair:4   | Reached skill level 1 in Stealth
 20532 | Lair:4   | Received a gift from Okawaru
 20865 | Lair:4   | Found a staircase to the Slime Pits.
 20883 | Lair:4   | Found a viscous altar of Jiyva.
 21257 | Lair:5   | Entered Level 5 of the Lair of Beasts
 21381 | Lair:4   | Reached skill level 18 in Shields
 21407 | Lair:5   | Reached ****** piety under Okawaru
 21431 | Lair:5   | Received a gift from Okawaru
 21495 | Lair:5   | Reached skill level 15 in Long Blades
 21495 | Lair:5   | Reached XP level 14. HP: 99/124 MP: 4/13
 21835 | Lair:5   | Received a gift from Okawaru
 22005 | Lair:5   | Reached skill level 5 in Dodging
 22227 | Lair:5   | Reached skill level 19 in Shields
 22670 | Lair:5   | Received a gift from Okawaru
 23282 | D:12     | Identified the +8 hand axe of Arrival {drain, rC+}
 23468 | D:12     | Found a runed translucent door.
 23469 | D:12     | Found a runed translucent door.
 23473 | D:12     | Noticed a sphinx
 23477 | D:12     | Noticed seehj's ghost (journeyman DsAl)
 23478 | D:12     | Noticed a lich
 23499 | D:12     | Killed a lich
 23985 | D:12     | Killed seehj's ghost
 24028 | D:12     | Found the +3 crown of Dyrovepreva {rElec Int+2 SInv}
 24034 | D:12     | Got the Notes on Cunning Elsewhere
 24120 | D:12     | Killed a sphinx
 24752 | D:8      | Killed unrecovered's ghost
 24752 | D:8      | Received a gift from Okawaru
 24810 | Orc:1    | Entered Level 1 of the Orcish Mines
 25001 | Orc:1    | Reached skill level 20 in Shields
 25396 | Orc:2    | Entered Level 2 of the Orcish Mines
 25629 | Orc:2    | Found a staircase to the Elven Halls.
 25706 | Orc:2    | Gained mutation: You have very sharp teeth. [a neqoxec]
 25739 | Orc:2    | Reached XP level 15. HP: 51/131 MP: 6/15
 25965 | Orc:2    | Reached skill level 1 in Evocations
 25992 | Orc:2    | Received a gift from Okawaru
 26086 | Orc:2    | Found Loffodius's Jewellery Boutique.
 26086 | Orc:2    | Found Umyen's Antique Armour Boutique.
 26087 | Orc:2    | Found Toetz's Antique Weapon Shoppe.
 26087 | Orc:2    | Found Gasofin's Armour Shoppe.
 26132 | Orc:2    | Bought a glowing kite shield for 202 gold pieces
 26135 | Orc:2    | Bought a shiny kite shield for 202 gold pieces
 28146 | D:14     | Found a gate to the Vaults.
 28452 | D:14     | Found a snail-covered altar of Cheibriados.
 28816 | D:14     | Received a gift from Okawaru
 28817 | D:14     | Reached skill level 21 in Shields
 28902 | D:15     | Entered Level 15 of the Dungeon
 29287 | D:15     | Found a runed translucent gate.
 29287 | D:15     | Found a runed translucent gate.
 29287 | D:15     | Found a runed translucent gate.
 29290 | D:15     | Noticed Waecyras's ghost (adept KoGl)
 29290 | D:15     | Noticed cfcfcfcfcf's ghost (adept TeAE)
 29290 | D:15     | Noticed MuffinSoup's ghost (journeyman OpHW)
 29505 | D:15     | Found a hide-covered altar of Uskayaw.
 29584 | D:15     | Found Xasulum's Overcharged Wands.
 29789 | D:15     | Found a staircase to the Depths.
 30036 | D:15     | Identified the +3 leather armour "Cityiski" {rPois Int-3
                  | Dex+4 Stlth+}
 30970 | D:9      | Killed Mique's ghost
 31881 | D:15     | Killed MuffinSoup's ghost
 31908 | D:15     | Killed cfcfcfcfcf's ghost
 31909 | D:15     | Killed Waecyras's ghost
 32982 | Spider:1 | Entered Level 1 of the Spider Nest
 33177 | Spider:1 | Received a gift from Okawaru
 33847 | Spider:1 | Received a gift from Okawaru
 33848 | Spider:1 | Reached XP level 16. HP: 142/146 MP: 7/16
 33870 | Spider:1 | Reached skill level 22 in Shields
 34745 | Spider:2 | Received a gift from Okawaru
 35226 | Spider:2 | Found a runed translucent door.
 35226 | Spider:2 | Found a shimmering altar of Xom.
 35226 | Spider:2 | Noticed Volasum's ghost (journeyman MiBe)
 35931 | Elf:1    | Entered Level 1 of the Elven Halls
 36040 | Elf:1    | Found a crumbling gateway.
 36048 | Desolati | Entered the Desolation of Salt
 36433 | Desolati | Identified the ring "Waskech" {Wiz rElec rC- Str+3 Dex+7}
 36459 | Desolati | Reached skill level 23 in Shields
 36467 | Desolati | HP: 1/147 [molten gargoyle/bolt of magma (16)]
 36642 | Desolati | Received a gift from Okawaru
 36650 | Desolati | Slain by a guardian serpent

Illustrated notes

Levels and vault maps discovered:
D:1:      dpeg_arrival_morbid_curiosity, layout_rooms,
          ebering_ecumenical_altar_ruins
D:2:      layout_loops_ring, minmay_tetromino_i4
D:3:      layout_loops_corners, minivault_25, uniq_grinder, uniq_terence,
          uniq_pargi
D:4:      layout_basic, mainiacjoe_overflow_small_starburst,
          gammafunk_temple_overflow_claw, serial_shops, nicolae_shop_tiny_glass,
          kennysheep_little_box, nicolae_stop_n_shop_2, shop, amethyst_killhole
D:5:      layout_layer_cave, lemuel_crystal_altar
D:6:      layout_loops_ring, nicolae_gozag_cash_rules_everything_around_me,
          minmay_temple_entry_arrows, dk_noncrumbling_2
D:7:      minmay_the_grid_four_pointed_star
          [minmay_the_grid_triangle_9x9_shrine,
          minmay_the_grid_triangle_9x9_semitri,
          minmay_the_grid_triangle_9x9_subtriangle,
          minmay_the_grid_triangle_9x9_checkered,
          minmay_the_grid_prize_four_corners], layout_layer_cave,
          gammafunk_temple_overflow_arena, ebering_ghost_reflecting_pool,
          nicolae_fountain_basement
D:8:      minmay_inner_zag, layout_basic, mainiacjoe_overflow_alcove_1,
          okawaru_metal_pillars_1_2, cheibrodos_ashenzari_chains,
          gammafunk_ghost_spectres, nicolae_wwwww, hangedman_decor_lopped,
          uniq_psyche, uniq_jeremiah
D:9:      gammafunk_cloud_chamber, layout_rooms, orc_david_3, serial_shops,
          nicolae_shop_window_shopping, gammafunk_ghost_wrathful_warriors,
          uniq_maggie, uniq_pikel
D:10:     cheibrodos_elevator_heist, layout_loops_corners, lemuel_round_altar
D:11:     layout_loops_ring, lair_entry_dummy, serial_shops,
          nicolae_take_the_stairs, chequers_hall_statues_y
D:12:     layout_roguey, muffindrake_ghost_dual_entry
D:13:     layout_stronghold, minivault_27
D:14:     layout_roguey, hellmonk_vaults_attempted_burglary, cheibriados_altar_1
D:15:     grunt_enter_depths_giant_problem, layout_irregular_city,
          nicolae_uskayaw_dance_hall, gammafunk_ghost_cemetery,
          nicolae_shop_overcharged_wands
Temple:   nicolae_temple_ecumenical_triangle
Lair:1:   layout_regular_city
Lair:2:   layout_gridlike, minmay_shoals_entry_hut, spider_nest_entry_rubble
Lair:3:   layout_layer_cave, nicolae_volcano_entry_batcave, grunt_megastairs_4
Lair:4:   beargit_carnivore_pack, layout_small_grid,
          nicolae_slime_entry_field_trip
Lair:5:   wormcave, layout_cave_pods, guppyfry_lair_end_dragon,
          grunt_megastairs_1
Spider:1: layout_cave_pods
Spider:2: layout_chambers, ebering_ghost_xom, drop_trap
Orc:1:    layout_diamond_mine
Orc:2:    st_orc_elflike, layout_caves
Elf:1:    nicolae_elf_arrival_fired_up, layout_onion_city,
          portal_desolation_entry_salt, nicolae_elf_blasts_and_bolts
Desolation

Skill      XL: |  1  2  3  4  5  6  7  8  9 10 11 12 13 14 15 16 |
---------------+-------------------------------------------------+-----
Fighting       | 4 5 6 7 8 9 10 11 13 14 | 14.8
Armour         | 4 5 6 8 9 10 12 13 14 | 14.6
Shields        | 4 5 6 7 9 11 12 14 16 18 20 21 23 | 23.0
Long Blades    | 3 4 5 6 8 9 11 13 14 15 16 | 16.8
Dodging        | 1 2 3 4 5 6 7 |  7.7
Invocations    | 1 |  1.9
Short Blades   | 1 |  1.1
Stealth        | 1 |  1.6
Evocations     | 1 |  1.6

Action                     |  1- 3 |  4- 6 |  7- 9 | 10-12 | 13-15 | 16-18 || total
---------------------------+-------+-------+-------+-------+-------+-------++-------
  Melee: Long sword        |   109 |   144 |   429 |   968 |  1786 |   504 ||  3940
         Headbutt          |    18 |    26 |    87 |   250 |   518 |   145 ||  1044
         Dagger            |       |       |       |    17 |       |       ||    17
         Scimitar          |       |       |       |       |    21 |       ||    21
         Bite              |       |       |       |       |   105 |    87 ||   192
 Invoke: Heroism           |       |       |       |    14 |    16 |     2 ||    32
  Evoke: Wand              |       |       |     3 |     8 |    15 |     4 ||    30
    Use: Potion            |     1 |       |     3 |     3 |     5 |    11 ||    23
         Scroll            |     1 |     4 |     6 |    20 |     5 |    10 ||    46
   Stab: Distracted        |       |       |       |       |     1 |       ||     1
 Armour: Scale mail        |    59 |    21 |       |       |       |       ||    80
         Chain mail        |       |    68 |   337 |    38 |   761 |   224 ||  1428
         Plate armour      |       |       |       |   520 |    40 |       ||   560
  Dodge: Dodged            |    47 |    23 |    96 |   148 |   349 |   137 ||   800
  Block: Buckler           |    12 |       |       |       |       |       ||    12
         Tower shield      |    35 |   139 |   533 |  1187 |  2063 |   684 ||  4641
